 Dungeon Crawl Stone Soup version 0.31-a0-963-ga325b2283a (webtiles) character file.

Game seed: 16776539935286312104

436 strifetoe the Cudgeller (level 6, -6/55 HPs)
             Began as an Armataur Berserker on Oct 25, 2023.
             Was a Priest of Trog.
             Mangled by an ogre
             ... wielding a +0 giant club
              (7 damage)
             ... on level 5 of the Dungeon.
             The game lasted 00:05:13 (3790 turns).

strifetoe the Cudgeller (Armataur Berserker)        Turns: 3790, Time: 00:05:13

Health: -6/55      AC:  7    Str: 24    XL:     6   Next: 69%
Magic:  6/6        EV:  8    Int:  7    God:    Trog [***...]
Gold:   123        SH:  0    Dex: 12    Spells: 5/5 levels left

rFire   . . .        v - +10 dagger "Ariebul" {spect, Dex+2}
rCold   . . .        (no shield)
rNeg    + . .        z - +0 scale mail
rPois   .            (no helmet)
rElec   .            (no cloak)
rCorr   +            (no gloves)
SInv    .            (no barding)
Will    .....        (no amulet) Stlth
                     i - ring of positive energy
HPRegen 0.29/turn    p - ring of resist corrosion
MPRegen 0.10/turn

%: roll
@: no status effects
A: large, rugged brown scales 3, deformed body, armoured tail, roll, long
tongue, awkward tongue
a: Renounce Religion, Berserk, Trog's Hand


You were on level 5 of the Dungeon.
You worshipped Trog.
Trog was most pleased with you.
You visited 1 branch of the dungeon, and saw 5 of its levels.

You collected 123 gold pieces.

Inventory:

Hand Weapons
 a - a +0 mace
 v - the +10 dagger "Ariebul" (weapon) {spect, Dex+2}
   (You found it on level 3 of the Dungeon)

   Dex+2:     It affects your dexterity (+2).
Armour
 n - a +0 buckler
 z - a +0 scale mail (worn)
Jewellery
 i - a ring of positive energy (left hand)
 p - a ring of resist corrosion (right hand)
Wands
 f - a wand of mindburst (15)
 k - a wand of flame (19)
Scrolls
 c - 4 scrolls of teleportation {unknown}
 d - a scroll of vulnerability {unknown}
 e - a scroll of acquirement {unknown}
 h - a scroll of torment {unknown}
 l - 2 scrolls of enchant weapon {unknown}
 m - a scroll of enchant armour {unknown}
 o - a scroll of immolation {unknown}
 q - a scroll of silence {unknown}
 y - a scroll of blinking {unknown}
Potions
 b - 2 potions of attraction {unknown}
 g - a potion of curing
 s - a potion of lignification
 u - 2 potions of enlightenment
 w - 2 potions of ambrosia
 x - a potion of invisibility


   Skills:
 + Level 3.8 Fighting
 - Level 5.1 Maces & Flails
 + Level 4.2 Armour
 - Level 1.3 Dodging
 + Level 2.9 Shields


You had 5 spell levels left.
You didn't know any spells.
Your spell library was empty.

Dungeon Overview and Level Annotations

Branches:
Dungeon (5/15)             Temple (0/1) D:4

Altars:
Hepliaklqana

Shops:
D:3 (


Innate Abilities, Weirdness & Mutations

You are completely covered in rugged brown scales. (AC +3, +7% HP)
Armour fits poorly on your strangely shaped body.
You have a long armoured tail.
You roll when moving toward enemies. (Rampage)
Your long tongue fully drains potion bottles. (2x potion effects)
Your tongue gives you trouble enunciating. (1.5x scroll delay)


Message History

The adder attacks as it pursues you! The adder bites you but does no damage.
The adder bites you.
You are poisoned.
The adder poisons you!
The jelly quivers.
You puncture the adder!
You tail-slap the adder, but do no damage.
The adder is almost dead.
You feel sick. The adder closely misses you.
You closely miss the adder.
Your tail-slap misses the adder.
The adder is almost dead.
You feel sick. The adder barely misses you.
You puncture the adder!
You kill the adder!
Trog accepts your kill.
You feel sick.
The jackal bites you but does no damage.
You closely miss the jackal.
You feel sick. The jackal closely misses you.
You puncture the jackal!
You kill the jackal!
Trog accepts your kill.
You feel sick.
You are no longer poisoned.
You hit the ogre.
The ogre is lightly wounded.
The ogre hits you with a +0 giant club!!
You hit the ogre.
The ogre is moderately wounded.
The ogre barely misses you.
You puncture the ogre!
The ogre is severely wounded.
You closely miss the ogre.
The ogre is severely wounded.
The ogre hits you with a +0 giant club!!
Ouch! That really hurt!
* * * LOW HITPOINT WARNING * * *
You hit the ogre but do no damage.
The ogre is severely wounded.
The ogre hits you with a +0 giant club!
You die...

, .# #.. .... .....####
#....#### #...JO@.# #..$.##.#
#....##.# #....##.#
#....##.###########
########....##........†..#####
#...##..).....#########......#
#...##........# #............#
#...##........###.######.....#


You could see an ogre and a jelly.

Vanquished Creatures
  An ogre (D:5)
  2 hounds
  A jelly (D:5)
  A sleepcap (D:5)
  An orc wizard (D:3)
  Ijyb (D:5)
  8 adders
  2 worms (D:2)
  A dart slug (D:3)
  6 orcs
  6 endoplasms
  4 giant cockroaches
  11 goblins
  3 hobgoblins
  13 jackals
  4 quokkas
  6 ball pythons
  7 bats
  5 frilled lizards
  11 kobolds
  4 rats
98 creatures vanquished.

Notes
Turn   | Place    | Note
-------+----------+-------------------------------------------
     0 | D:1      | strifetoe the Armataur Berserker began the quest for the
                  | Orb.
     0 | D:1      | Reached XP level 1. HP: 19/19 MP: 1/1
   133 | D:1      | Reached skill level 3 in Maces & Flails
   317 | D:1      | Reached XP level 2. HP: 26/26 MP: 2/2
   434 | D:1      | Reached ** piety under Trog
   562 | D:1      | Reached XP level 3. HP: 22/32 MP: 3/3
   950 | D:2      | Reached skill level 4 in Maces & Flails
  1860 | D:3      | Reached XP level 4. HP: 39/39 MP: 4/4
  2065 | D:3      | Reached skill level 5 in Maces & Flails
  2088 | D:3      | Found Akkosh's Weapon Boutique.
  2121 | D:3      | Reached *** piety under Trog
  2136 | D:3      | Identified the +10 dagger "Ariebul" {spect, Dex+2}
  2353 | D:4      | Found a staircase to the Ecumenical Temple.
  2546 | D:4      | Reached XP level 5. HP: 47/47 MP: 5/5
  2760 | D:4      | Reached skill level 1 in Shields
  3293 | D:5      | Entered Level 5 of the Dungeon
  3326 | D:5      | Noticed an ogre
  3327 | D:5      | Found a hazy altar of Hepliaklqana.
  3422 | D:5      | Noticed Ijyb
  3426 | D:5      | Killed Ijyb
  3427 | D:5      | Reached XP level 6. HP: 37/54 MP: 6/6
  3789 | D:5      | HP: 1/55 [ogre/+0 giant club (30)]
  3790 | D:5      | Mangled by an ogre

Illustrated notes

Levels and vault maps discovered:
D:1:      saegor_arrival_simple_a, layout_basic
D:2:      layout_basic, st_stairs_12
D:3:      layout_rooms, nicolae_overflow_hidden_temple, serial_shops, shop,
          chequers_decorated_corner, kennysheep_generic_room_10
D:4:      layout_basic, temple_green
D:5:      layout_basic, mrwooster_statue_mirror, minmay_ruined_shrine, uniq_ijyb

Skill      XL: |  1  2  3  4  5  6 |
---------------+-------------------+-----
Maces & Flails | 3 4 5 |  5.1
Fighting       | 3 |  3.8
Shields        | 2 |  2.9
Armour         | 3 4 |  4.2
Dodging        | |  1.3

Action                     |  1- 3 |  4- 6 || total
---------------------------+-------+-------++-------
  Melee: Mace              |   122 |    50 ||   172
         Tailslap          |    13 |    16 ||    29
         Punch             |     1 |     1 ||     2
         Dagger            |       |    85 ||    85
 Invoke: Berserk           |     1 |       ||     1
  Evoke: Wand              |       |     1 ||     1
    Use: Scroll            |       |     7 ||     7
   Stab: Sleeping          |     1 |     1 ||     2
 Armour: Animal skin       |   105 |    20 ||   125
         Skin              |       |    35 ||    35
         Scale mail        |       |    33 ||    33
  Dodge: Dodged            |    54 |    48 ||   102

Table legend: (Time is in decaauts)
 A = Elapsed time spent in this place.
 B = Non-inter-level travel time spent in this place.
 C = Inter-level travel time spent in this place.
 D = Time resting spent in this place.
 E = Time spent auto-exploring this place.
 F = Levels seen in this place.
 G = Mean time per level.
                   A        B        C        D        E       F      G
               +--------+--------+--------+--------+--------+-----+--------+
         Total |   3834 |   3735 |     99 |    343 |   2731 |   5 |  766.8 |
       Dungeon |   3834 |   3735 |     99 |    343 |   2731 |   5 |  766.8 |
               +--------+--------+--------+--------+--------+-----+--------+

Top non-repeatable levels by time:
     D:2: 1073 daAuts
     D:4: 1026 daAuts
     D:1: 814 daAuts
     D:3: 500 daAuts
     D:5: 419 daAuts
